 Dungeon Crawl Stone Soup version 0.29-a0-194-g6e3aafee17 (webtiles) character file.

Game seed: 17914274833689477125

39 Zeldest the Ruffian (level 3, -1/30 HPs)
             Began as a Vine Stalker Chaos Knight on Feb 22, 2022.
             Was a Plaything of Xom.
             Slain by a gnoll
             ... wielding a +0 halberd
              (8 damage)
             ... on level 3 of the Dungeon.
             The game lasted 00:02:54 (541 turns).

Zeldest the Ruffian (Vine Stalker Chaos Knight)      Turns: 541, Time: 00:02:55

Health: -1/30      AC: 21    Str: 16    XL:     3   Next: 45%
Magic:  0/4        EV:  2    Int: 12    God:    Xom [..*...]
Gold:   34         SH:  0    Dex: 13    Spells: 2/2 levels left

rFire   . . .      SeeInvis .     - Unarmed
rCold   . . .      Faith    .   (no shield)
rNeg    . . .      Spirit   +   (body armour currently unavailable)
rPois   +          Reflect  .   (helmet currently unavailable)
rElec   .          Harm     .   (cloak currently unavailable)
rCorr   .          Rampage  .   (gloves currently unavailable)
Will    +....      NoTele   +   (boots currently unavailable)
Stlth   +.........              (no amulet)
HPRegen 0.10/turn               d - ring of willpower
MPRegen 0.09/turn               (no ring)

@: tree-form
A: stationary, stasis, torment immunity, boosted hp, (fangs 2), magic shield,
(antimagic bite), no potion heal 2
a: Renounce Religion


You were on level 3 of the Dungeon.
You worshipped Xom.
You were a toy of Xom.
You were a tree.
You visited 1 branch of the dungeon, and saw 3 of its levels.

You collected 34 gold pieces.

Inventory:

Armour
 a - a +2 leather armour (melded)
Jewellery
 d - a ring of willpower (left branch)
 g - a ring of fire
Potions
 c - a potion of flight {unknown}
 h - a potion of curing {unknown}


   Skills:
 + Level 3.1 Fighting
 - Level 1.5 Armour
 - Level 0.8 Dodging
 * Level 3.9 Unarmed Combat


You had 2 spell levels left.
You didn't know any spells.
Your spell library was empty.

Dungeon Overview and Level Annotations

Branches:
Dungeon (3/15)

Altars:

Shops:
D:1 (


Innate Abilities, Weirdness & Mutations

You are a tree.
Your roots penetrate the ground, keeping you stationary.
You cannot be teleported.
You are immune to unholy pain and torment.
Your maximum health is greatly increased.
Your equipment is partially melded.
((You have extremely sharp teeth.))
When hurt, damage is shared between your health and your magic reserves.
((Your bite disrupts and absorbs the magic of your enemies.))
Potions cannot restore your health.


Message History

The gnoll shouts! x2
A gnoll comes into view. It is wielding a +0 halberd.
An orc comes into view.
It is wielding a +0 club and wearing a +0 leather armour of willpower.
Xom snickers.
You do an impromptu tapdance.
The orc throws a boomerang.
The boomerang hits you but does no damage.
There is an open door here.
You close the door.
A gnoll opens the door.
Things that are here:
a +0 club; a gnoll corpse 4 gnolls come into view.
Found a black potion.
The gnoll shouts! x4
The gnoll barely misses you. The gnoll closely misses you.
The gnoll hits you from afar with a +0 halberd!
A shower of butterflies erupts from you!
Okay, then.
You swap places.
The gnoll hits you from afar with a +0 halberd.
The gnoll misses your butterfly.
As you read the scroll labelled KIMNOTEFISM, it crumbles to dust.
The creatures around you are filled with an inner flame!
It was a scroll of immolation.
The gnoll hits you from afar with a +0 halberd.
* * * LOW HITPOINT WARNING * * *
The gnoll barely misses your butterfly.
As you read the scroll labelled GIRUCK MAIGEG, it crumbles to dust.
It is a scroll of identify.
f - a potion of lignification Xom is amused.
The gnoll barely misses you. The gnoll misses your butterfly.
Really quaff the potion of lignification?
You turn into a tree.
Your +2 leather armour melds into your body.
Your roots penetrate the ground.
The gnoll hits you from afar with a +0 halberd!
You die...
Xom guffaws!

######## #......#
#......# #......#
#).....#
###########......#
#♣bbggo)..'.......
#b#########.....o.
#g#...............
#g#.##########....
#g#.# #.. ......
#g#.####.#########
#!#.#.........#
#.#.#.##.####.#
#.#.#.....###.#


You could see 6 gnolls and an orc (inner flame).

Vanquished Creatures
  A gnoll (D:3)
  2 adders (D:2)
  An endoplasm (D:1)
  A giant cockroach (D:2)
  3 goblins (D:1)
  A quokka (D:2)
  A ball python (D:1)
  A frilled lizard (D:1)
  2 kobolds
  A rat (D:1)
14 creatures vanquished.

Notes
Turn   | Place    | Note
-------+----------+-------------------------------------------
     0 | D:1      | Zeldest the Vine Stalker Chaos Knight began the quest for
                  | the Orb.
     0 | D:1      | Reached XP level 1. HP: 11/11 MP: 2/2
    52 | D:1      | Found Ogicwyng's Antique Weapon Shoppe.
    99 | D:1      | XOM: silly message
   127 | D:1      | XOM: silly message
   191 | D:1      | Reached XP level 2. HP: 16/16 MP: 3/3
   345 | D:2      | Reached XP level 3. HP: 12/20 MP: 2/4
   527 | D:3      | XOM: silly message
   537 | D:3      | XOM: butterfly on damage
   541 | D:3      | Slain by a gnoll

Illustrated notes

Levels and vault maps discovered:
D:1:      heliophobic_arrival_battle_scene, layout_basic, serial_shops, shop,
          ebering_ecumenical_altar_sacrificial
D:2:      layout_basic
D:3:      layout_basic, uniq_crazy_yiuf_cottage

Skill      XL: |  1  2 |
---------------+-------+-----
Fighting       | 3 |  3.1
Armour         | |  1.5
Dodging        | |  0.8
Unarmed Combat | |  3.9

Action                   || total
-------------------------++-------
Melee: Unarmed           ||    47
       Bite              ||    15
       Punch             ||     1
  Use: Scroll            ||     2
       Potion            ||     1
 Stab: Sleeping          ||     1
Armor: Leather armour    ||    12
Dodge: Dodged            ||    28

Table legend: (Time is in decaauts)
 A = Elapsed time spent in this place.
 B = Non-inter-level travel time spent in this place.
 C = Inter-level travel time spent in this place.
 D = Time resting spent in this place.
 E = Time spent auto-exploring this place.
 F = Levels seen in this place.
 G = Mean time per level.
                   A        B        C        D        E       F      G
               +--------+--------+--------+--------+--------+-----+--------+
         Total |    537 |    537 |      0 |      0 |      0 |   3 |  179.0 |
       Dungeon |    537 |    537 |      0 |      0 |      0 |   3 |  179.0 |
               +--------+--------+--------+--------+--------+-----+--------+

Top non-repeatable levels by time:
     D:1: 221 daAuts
     D:2: 204 daAuts
     D:3: 112 daAuts
